 Dungeon Crawl Stone Soup version 0.31-a0-217-g58bb5d79cf (webtiles) character file.

Game seed: 12942582383995867771

109 qw the Shooter (level 4, -2/36 HPs)
             Began as a Minotaur Hexslinger on July 3, 2023.
             Succumbed to a scorpion's poison
             ... on level 3 of the Dungeon.
             The game lasted 00:00:46 (1980 turns).

qw the Shooter (Minotaur Hexslinger)                Turns: 1980, Time: 00:00:46

Health: -2/36      AC:  4    Str: 13    XL:     4   Next: 60%
Magic:  4/4        EV: 12    Int: 10    God:
Gold:   154        SH:  0    Dex: 14    Spells: 4/5 levels left

rFire   . . .        Y - +1 sling
rCold   . . .        (no shield)
rNeg    . . .        b - +0 leather armour
rPois   .            (helmet restricted)
rElec   .            e - +0 cloak
rCorr   .            (no gloves)
SInv    .            (no boots)
Will    .....        (no amulet)
Stlth   +            (no ring)
HPRegen 0.26/turn    (no ring)
MPRegen 0.09/turn

%: no passive effects
@: lethally poisoned (-2 -> -22), about to teleport
A: horns 2, retaliatory headbutt
a: no special abilities


You were on level 3 of the Dungeon.
You visited 1 branch of the dungeon, and saw 3 of its levels.

You collected 154 gold pieces.


Innate Abilities, Weirdness & Mutations

You have a pair of horns on your head.
You reflexively headbutt those who attack you in melee.


   Skills:
 + Level 2.1 Fighting
 - Level 5.1 Ranged Weapons
 - Level 2.1 Dodging
 - Level 1.0 Spellcasting
 - Level 2.0 Hexes


You had 4 spell levels left.
You knew the following spells:

 Your Spells              Type           Power      Damage    Failure   Level
a - Slow                  Hex            16%        N/A       19%         1

Your spell library contained the following spells:

 Spells                   Type           Power      Damage    Failure   Level
 Inner Flame              Hex/Fire       2%         N/A       65%         3
 Portal Projectile        Hex/Tloc       4%         N/A       65%         3
 Cause Fear               Hex            2%         N/A       88%         4

Inventory:

Hand Weapons
 Y - a +1 sling (weapon)
Armour
 b - a +0 leather armour (worn)
 d - a +0 ring mail
 e - a +0 cloak (worn)
Jewellery
 c - an amulet of magic regeneration
Scrolls
 a - 4 scrolls of teleportation
 f - a scroll of identify
 j - a scroll of revelation {unknown}
Potions
 g - a potion of curing
 h - a potion of might {unknown}
 i - a potion of heal wounds {unknown}

Dungeon Overview and Level Annotations

Branches:
Dungeon (3/15)

Altars:


Message History

Enter note: You shoot a sling bullet.
The sling bullet hits the dart slug.
The dart slug is moderately wounded.
You shoot a sling bullet. The sling bullet hits the dart slug.
The dart slug is almost dead.
The dart slug launches a dart at you. The slug dart misses you.
You shoot a sling bullet. The sling bullet hits the dart slug.
You kill the dart slug!
A scorpion comes into view.
Enter note: You shoot a sling bullet.
The sling bullet hits the scorpion.
The scorpion is lightly wounded.
The scorpion misses you. You furiously retaliate!
You headbutt the scorpion! You shoot a sling bullet.
The sling bullet closely misses the scorpion.
The scorpion stings you.
You are poisoned.
The scorpion poisons you!
The scorpion stings you but does no damage.
You shoot a sling bullet.
The sling bullet barely misses the scorpion.
You feel very sick. The scorpion stings you!
You are more poisoned.
The scorpion poisons you!
You shoot a sling bullet. The sling bullet hits the scorpion.
The scorpion is heavily wounded.
You feel very sick. The scorpion stings you.
You shoot a sling bullet. The sling bullet hits the scorpion.
The scorpion is severely wounded.
You feel very sick. The scorpion stings you. x2
You are more poisoned.
The scorpion poisons you!
1980 ||| READING 5 scrolls of teleportation.
As you read the scroll of teleportation, it crumbles to dust.
You feel strangely unstable.
You die...

#.........
#.........
#......... .........
#...$?. .... ###s#
.# ##).@# .# #..###
#. ..## ###.##### ..
..# #.....>.###.#
#.# ##...........#
#.#####....[....####
#..............##
#...####.......#
###.#.# #.......##


You could see a scorpion.

Vanquished Creatures
  Jessica (D:3)
  An adder (D:3)
  3 dart slugs
  4 orcs (D:2)
  7 bats
  5 endoplasms
  4 giant cockroaches
  3 goblins
  3 hobgoblins
  4 jackals
  5 kobolds
  4 quokkas
  4 ball pythons
  6 frilled lizards
  8 rats
62 creatures vanquished.

Notes
Turn   | Place    | Note
-------+----------+-------------------------------------------
     0 | D:1      | qw the Minotaur Hexslinger began the quest for the Orb.
     0 | D:1      | Reached XP level 1. HP: 16/16 MP: 1/1
     0 | D:1      | 0 ||| qw: Version: 0.3-a-40-ge99b1a8
     0 | D:1      | 0 ||| qw: Game counter: 287
     0 | D:1      | 0 ||| qw: Melee chars always use a shield: true
     0 | D:1      | 0 ||| qw: God list: Okawaru
     0 | D:1      | 0 ||| qw: Allow faded altars: false
     0 | D:1      | 0 ||| qw: Do Orc after clearing Dungeon:15 true
     0 | D:1      | 0 ||| qw: Do second Lair branch before Depths: true
     0 | D:1      | 0 ||| qw: Lair rune preference: random
     0 | D:1      | 0 ||| qw: Goals: Normal
     0 | D:1      | 0 ||| PLANNING D:1-11
   134 | D:1      | Reached skill level 3 in Ranged Weapons
   134 | D:1      | Reached XP level 2. HP: 22/23 MP: 2/2
   338 | D:1      | 338 ||| FLEEEEING.
   339 | D:1      | 339 ||| FLEEEEING.
   340 | D:1      | 340 ||| FLEEEEING.
   640 | D:1      | Reached XP level 3. HP: 29/29 MP: 3/3
   799 | D:1      | 799 ||| READING 2 scrolls labelled PETUL UQIUR.
   804 | D:1      | 804 ||| READING 2 scrolls labelled UJIELE LYPNAU.
   805 | D:1      | 805 ||| DROPPING scroll of poison.
   932 | D:2      | Reached skill level 4 in Ranged Weapons
  1280 | D:2      | 1280 ||| UPGRADING to +0 leather armour.
  1291 | D:2      | 1291 ||| DROPPING +0 robe.
  1292 | D:2      | 1292 ||| UPGRADING to +0 cloak.
  1653 | D:2      | 1653 ||| READING scroll labelled MOTOID DEJURPH.
  1654 | D:2      | 1654 ||| DRINKING 3 pink potions.
  1655 | D:2      | 1655 ||| READING 2 scrolls of identify.
  1655 | D:2      | 1655 ||| IDENTIFYING grey potion
  1656 | D:2      | 1656 ||| DROPPING 2 potions of brilliance.
  1767 | D:3      | Reached XP level 4. HP: 36/36 MP: 4/4
  1769 | D:3      | Noticed Jessica
  1784 | D:3      | Killed Jessica
  1785 | D:3      | Reached skill level 5 in Ranged Weapons
  1974 | D:3      | Noticed a scorpion
  1979 | D:3      | HP: 9/36 [scorpion (1)]
  1979 | D:3      | HP: 3/36 [scorpion (6)]
  1980 | D:3      | 1980 ||| READING 5 scrolls of teleportation.
  1980 | D:3      | Succumbed to a scorpion's poison

Levels and vault maps discovered:
D:1:      matt_arrival_los_fun, layout_loops_ring, nrook_mini_backslash,
          serial_bayou_pond_a, nicolae_eternal_life
D:2:      layout_basic, glass_columns_c
D:3:      layout_rooms, ebering_ecumenical_altar_hall, st_stairs_1,
          uniq_jessica, uniq_sigmund

Skill      XL: |  1  2  3  4 |
---------------+-------------+-----
Ranged Weapons | 3 4 5 |  5.1
Fighting       | 2 |  2.1
Dodging        | |  2.1
Spellcasting   | |  1.0
Hexes          | |  2.0

Action                     |  1- 3 |  4- 6 || total
---------------------------+-------+-------++-------
   Fire: Sling             |   162 |    29 ||   191
    Use: Scroll            |     4 |     1 ||     5
         Potion            |     1 |       ||     1
 Armour: Robe              |    10 |       ||    10
         Leather armour    |     6 |    12 ||    18
  Dodge: Dodged            |    49 |    13 ||    62

Table legend:
 A = Non-vault XP
 B = Vault XP
 C = Vault XP percentage of total XP
 D = Non-vault monster count
 E = Vault monster count
 F = Vault count percentage of total count
                 A         B        C        D         E       F
            +---------+---------+-------+---------+---------+-------
      Total |     116 |      41 |  26.1 |      59 |       3 |   4.8
            +---------+---------+-------+---------+---------+-------
        D:1 |      44 |       0 |   0.0 |      26 |       0 |   0.0
        D:2 |      44 |       0 |   0.0 |      25 |       0 |   0.0
        D:3 |      28 |      41 |  59.4 |       8 |       3 |  27.3
            +---------+---------+-------+---------+---------+-------
